 Dungeon Crawl Stone Soup version 0.25-a0-927-g39f137c8b7 (webtiles) character file.

Game seed: 4403440791618378517, levelgen mode: deterministic

10 Maedhros the Charlatan (level 2, -2/18 HPs)
             Began as an Octopode Artificer on May 3, 2020.
             Slain by a kobold
             ... wielding a +0 whip
              (3 damage)
             ... on level 1 of the Dungeon.
             The game lasted 00:00:13 (41 turns).

Maedhros the Charlatan (Octopode Artificer)           Turns: 41, Time: 00:00:14

Health: -2/18      AC:  1    Str: 11    XL:     2   Next: 20%
Magic:  4/4        EV: 13    Int: 13    God:
Gold:   0          SH:  0    Dex: 12    Spells: 1/1 levels left

rFire    . . .     SeeInvis .   a - +0 short sword
rCold    . . .     Gourm    .   (no shield)
rNeg     . . .     Faith    .   (helmet restricted)
rPois    .         Spirit   .   (no amulet)
rElec    .         Reflect  .   (no ring)
rCorr    .         Harm     .   (no ring)
MR       .....                  (no ring)
Stlth    +++.......             (no ring)
HPRegen  0.06/turn              (no ring)
MPRegen  0.09/turn              (no ring)
                                (no ring)
                                (no ring)

@: no status effects
A: almost no armour, stealthy swim, amphibious, 8 rings, constrict 8, camouflage
1, gelatinous body 1
a: no special abilities


You were on level 1 of the Dungeon.
You were not hungry.

You visited 1 branch of the dungeon, and saw 1 of its levels.

Inventory:

Hand Weapons
 a - a +0 short sword (weapon)
Wands
 b - a wand of flame (15)
 c - a wand of enslavement (15)
 d - a wand of random effects (15)
Comestibles
 f - 2 rations


   Skills:
 - Level 1.0 Fighting
 - Level 1.0 Short Blades
 - Level 2.0 Dodging
 + Level 3.2 Stealth
 - Level 3.2 Evocations


You had one spell level left.
You didn't know any spells.
Your spell library was empty.

Dungeon Overview and Level Annotations

Branches:
Dungeon (1/15)

Altars:


Innate Abilities, Weirdness & Mutations

You cannot wear most types of armour.
You are very stealthy in the water. (Stealth+)
You are amphibious.
You can wear up to eight rings at the same time.
You can use your tentacles to constrict eight enemies at once.
Your skin changes colour to match your surroundings (Stealth+).
Your rubbery body absorbs attacks. (AC +1, EV +1)


Message History

You kill the jackal!
You swing at nothing.
You swing at nothing.
You hit the hobgoblin. Your grab misses the hobgoblin.
The hobgoblin is almost dead.
A jackal comes into view.
The hobgoblin hits you with a +0 club.
The jackal barks!
You hit the hobgoblin but do no damage. You grab the hobgoblin.
The hobgoblin is almost dead.
You constrict the hobgoblin, but do no damage.
The hobgoblin hits you with a +0 club.
* * * LOW HITPOINT WARNING * * *
You hit the jackal. You grab the jackal. You squeeze the jackal.
You kill the jackal!
You constrict the hobgoblin, but do no damage.
The hobgoblin hits you with a +0 club.
* * * LOW HITPOINT WARNING * * *
The kobold hits you with a +0 whip.
You die...

.....# #..#.# #
#..#.# ..
#..#.#.....h
...#....#....h
...?....#....
......K.#.g.##
......g@#.... ..
...#+##†#.h###.. ..
#....#....... #.
###.....†.#
####.#####.........+
...........#†......#
...........#.......+
........(###.......#
#.......## ####....#


You could see a hobgoblin and a kobold.

Vanquished Creatures
  A goblin (D:1)
  2 hobgoblins (D:1)
  4 jackals (D:1)
  A rat (D:1)
8 creatures vanquished.

Notes
Turn   | Place    | Note
-------+----------+-------------------------------------------
     0 | D:1      | Maedhros the Octopode Artificer began the quest for the
                  | Orb.
     0 | D:1      | Reached XP level 1. HP: 13/13 MP: 3/3
    34 | D:1      | Reached XP level 2. HP: 12/18 MP: 4/4
    41 | D:1      | Slain by a kobold

Levels and vault maps discovered:
D:1:      lemuel_arrival_lava_pool, layout_basic

Skill      XL: |  1 |
---------------+----+-----
Stealth        | 3 |  3.2
Fighting       | |  1.0
Short Blades   | |  1.0
Dodging        | |  2.0
Evocations     | |  3.2

Action                   || total
-------------------------++-------
Melee: Short sword       ||    14
       Constrict         ||     8
       Tentacles         ||     5
Armor: Skin              ||     1
Dodge: Dodged            ||     4

Table legend:
 A = Non-vault XP
 B = Vault XP
 C = Vault XP percentage of total XP
 D = Non-vault monster count
 E = Vault monster count
 F = Vault count percentage of total count
                 A         B        C        D         E       F
            +---------+---------+-------+---------+---------+-------
      Total |      15 |       0 |   0.0 |       8 |       0 |   0.0
            +---------+---------+-------+---------+---------+-------
        D:1 |      15 |       0 |   0.0 |       8 |       0 |   0.0
            +---------+---------+-------+---------+---------+-------
